 Dungeon Crawl Stone Soup version 0.27.1-1-g398f81649c (console) character file.

Game seed: 6702090371435006196

100165 Banquo the Fighter (level 16, -2/140 HPs)
             Began as a Djinni Enchanter on Sept 6, 2021.
             Was a High Priest of Ashenzari.
             Slain by a two-headed ogre (20 damage)
             ... while paralysed by an ogre mage
             ... on level 2 of the Orcish Mines on Sept 7, 2021.
             The game lasted 03:15:37 (25729 turns).

Banquo the Fighter (Djinni Enchanter)              Turns: 25729, Time: 03:15:38

Health: -2/140     AC: 11    Str:  7    XL:     16   Next: 78%
Gold:   3328       EV:  2    Int: 25    God:    Ashenzari [*****.] SH:  0 Dex: 16

rFire    + + .     SeeInvis +   a - +2 dagger (venom)
rCold    + + .     Faith    .   i - +1 kite shield {rC+}
rNeg     + . .     Spirit   .   d - +2 robe "At What Cost Knowledge?" {rC+, Cun, Self} (curse)
rPois    ∞         Reflect  .   h - +0 helmet of the Stellar Yoke {Self, Melee} (curse)
rElec    .         Harm     .   e - scarf "Chained Shame" {shadows, Evo, Self} (curse)
rCorr    .         Rampage  .   g - +0 pair of gloves of Supernal Understanding {Fort, Evo} (curse)
Will     +....     Clarity  +   (boots unavailable)
Stlth    ++++++....             b - amulet "Bound Nihilism" {Regen+, Cun, Self} (curse)
HPRegen  1.33/turn              C - ring of Ashenzari's Paranoia {rC+, Evo, Self} (curse)
MPRegen  0.00/turn              c - ring "Mistrust of Ashenzari" {rN+ AC+4 Int+3, Fort, Self} (curse)

@: paralysed, flying, studying Fighting
A: sickness immunity, fire resistance 2, cold vulnerability 1, float, innate
caster, hp casting, extra vitality 1
a: Renounce Religion, Curse Item, Shatter the Chains


You were on level 2 of the Orcish Mines.
You worshipped Ashenzari.
Ashenzari was extremely pleased with you.
You visited 4 branches of the dungeon, and saw 21 of its levels.
You also visited: Gauntlet, Ice Cave and Volcano.

You collected 3963 gold pieces.
You spent 635 gold pieces at shops.

Inventory:

Hand Weapons
 a - a +2 dagger of venom (weapon)
 j - the +6 short sword of the New World {venom, rF- rCorr SInv}
   (You found it on level 10 of the Dungeon)

   It poisons the flesh of those it strikes.
   rF:        It makes you vulnerable to fire.
   SInv:      It lets you see invisible.
   rCorr:     It protects you from acid and corrosion.
 G - the +3 falchion of Ojapamic {vorpal, +Blink rElec rF+++ Str-3}
   (You found it in a Gauntlet)

   It inflicts extra damage upon your enemies.
   Str:       It affects your strength (-3).
   rF:        It renders you almost immune to fire.
   rElec:     It insulates you from electricity.
   +Blink:    It lets you blink.
 L - the +7 scimitar "Xaetwiutt" {freeze, rPois Will+}
   (You found it on level 5 of the Lair of Beasts)

   It freezes those it strikes, dealing additional cold damage.
   It can also slow down cold-blooded creatures.
   rPois:     It protects you from poison.
   Will:      It increases your willpower.
Missiles
 I - 30 boomerangs
 X - 4 boomerangs of dispersal
Armour
 d - the cursed +2 robe "At What Cost Knowledge?" (worn) {rC+, Cun, Self}
   (You took it off Fannar on level 10 of the Dungeon)

   It has a curse which improves the following skills: Cunning: Dodging and
   Stealth.
   Introspection: Fighting and Spellcasting.
 e - the cursed scarf "Chained Shame" (worn) {shadows, Evo, Self}
   (You found it in a volcano)

   It has a curse which improves the following skills: Evocations: Evocations.
   Introspection: Fighting and Spellcasting.
 g - the cursed +0 pair of gloves of Supernal Understanding (worn) {Fort, Evo}
   (You found it on level 1 of the Dungeon)

   It has a curse which improves the following skills: Fortitude: Armour and
   Shields.
   Evocations: Evocations.
 h - the cursed +0 helmet of the Stellar Yoke (worn) {Self, Melee}
   (You found it on level 7 of the Dungeon)

   It has a curse which improves the following skills: Introspection: Fighting
   and Spellcasting.
   Melee Combat: Short Blades, Long Blades, Axes, Maces & Flails, Polearms,
   Staves and Unarmed Combat.
 i - a +1 kite shield of cold resistance (worn)
 o - a +0 troll leather armour
 t - a +0 troll leather armour
 A - a +1 helmet of intelligence
 S - a scarf of resistance
Jewellery
 b - the cursed amulet "Bound Nihilism" (around neck) {Regen+, Cun, Self}
   (You found it on level 1 of the Dungeon)

   [amulet of regeneration]

   Regen:     It increases your rate of health regeneration.
   It has a curse which improves the following skills: Cunning: Dodging and
   Stealth.
   Introspection: Fighting and Spellcasting.
 c - the cursed ring "Mistrust of Ashenzari" (right hand) {rN+ AC+4 Int+3, Fort, Self}
   (You acquired it in the Ecumenical Temple)

   [ring of protection]

   AC:        It affects your AC (+4).
   Int:       It affects your intelligence (+3).
   rN:        It protects you from negative energy.
   It has a curse which improves the following skills: Fortitude: Armour and
   Shields.
   Introspection: Fighting and Spellcasting.
 u - a ring of protection from cold
 C - the cursed ring of Ashenzari's Paranoia (left hand) {rC+, Evo, Self}
   (You bought it in a shop on level 1 of the Dungeon)

   [ring of protection from cold]

   rC:        It protects you from cold.
   It has a curse which improves the following skills: Evocations: Evocations.
   Introspection: Fighting and Spellcasting.
Wands
 f - a wand of acid (34)
 p - a wand of iceblast (20)
 D - a wand of digging (11)
Scrolls
 k - 2 scrolls of holy word
 l - 2 scrolls of summoning
 m - 4 scrolls of magic mapping
 n - 2 scrolls of fear
 r - 3 scrolls of blinking
 x - 9 scrolls of teleportation
Potions
 q - 2 potions of berserk rage
 s - 2 potions of haste
 v - 7 potions of ambrosia
 w - a potion of invisibility
 B - 3 potions of resistance
 E - 6 potions of curing
 H - 6 potions of brilliance
 J - 5 potions of heal wounds
 O - a potion of cancellation
 V - 2 potions of might
Miscellaneous
 y - a piece from Xom's chessboard (15/15)
 z - a phial of floods


   Skills:
 - Level 13.3(21.0) Fighting
 + Level 8.9(11.5) Short Blades
 - Level 4.4(8.3) Armour
 - Level 6.1(10.1) Dodging
 - Level 11.3(15.0) Stealth
 - Level 11.3(15.0) Shields
 - Level 13.3(21.0) Spellcasting


You had 19 spell levels left.
You knew the following spells:

 Your Spells              Type           Power      Damage    Failure   Level
a - Corona                Hex            100%       N/A       0%          1
b - Ensorcelled Hibernat  Hex/Ice        100%       N/A       0%          2
c - Confusing Touch       Hex            92%        N/A       0%          3
d - Dazzling Flash        Conj/Hex       100%       N/A       0%          3
e - Inner Flame           Hex/Fire       92%        N/A       0%          3
f - Freeze                Ice            100%       1d11      0%          1
g - Agony                 Necr           92%        N/A       0%          5
h - Dispersal             Tloc           46%        N/A       1%          6
m - Iskenderun's Mystic   Conj/Tloc      92%        2d18      0%          4
s - Slow                  Hex            92%        N/A       0%          2
t - Tukima's Dance        Hex            92%        N/A       0%          3
v - Summon Mana Viper     Hex/Summ       92%        N/A       0%          5
Your spell library was empty.

Dungeon Overview and Level Annotations

Branches:
Dungeon (12/15)            Temple (1/1) D:6            Lair (6/6) D:10
  Swamp (0/4) Lair:2       Spider (0/4) Lair:3        Slime (0/5) Lair:6
    Orc (2/2) D:9             Elf (0/3) Orc:2         IceCv (visited)
Volcano (visited)         Gauntlet (visited)

Altars:
Ashenzari
Cheibriados
Dithmenos
Elyvilon
Fedhas
Gozag
Hepliaklqana
Kikubaaqudgha
Makhleb
Nemelex Xobeh
Okawaru
Qazlal
Ru
Sif Muna
Trog
Uskayaw
Vehumet
Wu Jian
Xom
Yredelemnul
Zin
The Shining One
Jiyva

Shops:
D:1 =   D:7 *   Orc:1 !   Orc:2 =**[(

Portals:
Hell: Lair:6

Annotations:
D:7 Eels
Orc:2 1 runed translucent door


Innate Abilities, Weirdness & Mutations

You are immune to sickness and miasma.
You are immune to poison.
Your flesh is very heat resistant. (rF++)
You are vulnerable to cold. (rC-)
You float through the air rather than walking.
You learn spells naturally, not from books.
Your magical power is your life essence.
You have superior vitality. (+4 HP)


Message History

The two-headed ogre is knocked back by the mystic blast.
The two-headed ogre collides with your +0 giant club!
Your +0 giant club hits the two-headed ogre.
The two-headed ogre hits your +0 giant club with a +0 giant club!
The two-headed ogre completely misses your +0 giant club.
Something hits the two-headed ogre!!!
The two-headed ogre dies!
The ogre mage casts a spell at you. The bolt of magma hits you!
You partially resist.
Your +0 giant club falls from the air.
The ogre mage points at you and mumbles some strange words.
The bolt of magma hits you! You partially resist.
Casting: Iskenderun's Mystic Blast (safe; 0% risk of failure)
Confirm with . or Enter, or press ? or * to list all spells.
Aiming: Tukima's Dance (safe; 0% risk of failure)
Press: ? - help, Shift-Dir - straight line, f - ogre mage
Aim: an ogre mage, wielding a +0 spear and wearing a +0 robe (moderately wounded, chance to affect: 50%)
The ogre mage resists with significant effort.
The ogre mage points at the two-headed ogre and mumbles some strange words.
The two-headed ogre seems to speed up.
Casting: Tukima's Dance (safe; 0% risk of failure)
Confirm with . or Enter, or press ? or * to list all spells.
Aiming: Tukima's Dance (safe; 0% risk of failure)
Press: ? - help, Shift-Dir - straight line, f/p - ogre mage
Aim: an ogre mage, wielding a +0 spear and wearing a +0 robe (moderately wounded, chance to affect: 50%)
The ogre mage resists with significant effort.
The ogre mage casts a spell at you.
You suddenly lose the ability to move!
The ogre mage casts a spell at you.
You easily resist.
The two-headed ogre hits you with a +0 giant club!!
The two-headed ogre hits you with a +0 giant club.
The two-headed ogre completely misses you.
The two-headed ogre hits you with a +0 giant club!!
The +0 giant club hits you!!
* * * LOW HITPOINT WARNING * * *
The two-headed ogre hits you with a +0 giant club!!
* * * LOW HITPOINT WARNING * * *
The two-headed ogre hits you with a +0 giant club!!
You die...

.........................#.......
..........)..............##......
......................)..####....
#..........).........)#).^#######
....................)).#.........
..))#...∩...[......)...##).......
...)###.)).......#O.)............
.#...####)........##...)...).....
###.).#.)...#...@O..#†.#..#......
###..))))....#...(......####))...
##....)).....##........####...O..
#..).#........##....#.######...[.
#..#......##.####..#####..###....
..........#### #### *, ...#..##
#.##.......## ........# ##
##.....## #.#.#.... #....##
##.....


You could see a two-headed ogre (fast), an ogre mage and a +0 giant club.

Vanquished Creatures
  Rupert (D:12)
  A minotaur (Gauntlet)
  An entropy weaver (Gauntlet)
  Snorg (Lair:6)
  7 hydras
  2 centaur warriors
  A boulder beetle (D:11)
  4 two-headed ogres
  8 death yaks (IceCv)
  A sun demon (Lair:6)
  Nergalle (D:12)
  A deep troll (D:10)
  A wizard (Lair:6)
  A necromancer (Gauntlet)
  Pikel (D:5)
  A lindwurm (Lair:6)
  A phantasmal warrior (D:10)
  A deep elf zephyrmancer (D:10)
  An ugly thing (D:5)
  A salamander (Volcano)
  A wolf spider (Gauntlet)
  2 cyclopes
  2 manticores
  2 large abominations (Gauntlet)
  17 elephants
  15 cane toads
  5 black mambas
  3 orange demons (Lair:6)
  A gargoyle (D:10)
  A red devil (Lair:6)
  13 komodo dragons
  An ice devil (Lair:6)
  3 meliai (Lair:4)
  25 rime drakes
  2 trolls
  8 polar bears
  A hornet (D:10)
  A jumping spider (Gauntlet)
  A queen bee (Lair:4)
  19 blink frogs
  17 dream sheep
  2 vampires (D:11)
  A redback (Lair:3)
  4 wyverns
  4 fire bats (Volcano)
  52 yaks
  4 basilisks
  2 wargs (Orc:1)
  5 steam dragons
  Edmund (D:4)
  16 water moccasins
  An orc warrior (Orc:1)
  8 black bears
  5 hell hounds (Lair:6)
  4 necrophages
  28 wolves
  6 centaurs
  9 ogres
  4 lemures
  2 kobold brigands
  11 bullfrogs
  A gnoll sergeant (D:11)
  2 wyvern zombies
  4 scorpions
  A water moccasin zombie (D:5)
  4 small abominations (Gauntlet)
  A water moccasin skeleton (D:3)
  3 wights
  20 killer bees
  An electric eel (D:7)
  4 lava snakes (Volcano)
  4 centaur zombies
  A bullfrog zombie (D:6)
  3 jellies
  11 orc priests
  7 hounds
  2 gnoll shamans
  3 iguanas (Lair:1)
  Jessica (D:2)
  Ijyb (D:4)
  Natasha (thrice) (D:2)
  12 orc wizards
  A hell rat (Lair:6)
  A hound skeleton (D:4)
  11 gnolls
  8 adders
  16 white imps
  2 worms (D:2)
  A dart slug (D:3)
  35 orcs
  5 endoplasms
  5 goblins
  2 hobgoblins
  5 jackals
  12 kobolds
  3 quokkas
  8 ball pythons
  7 bats
  2 frilled lizards
  5 rats
564 creatures vanquished.

Vanquished Creatures (collateral kills)
  A frost giant (IceCv)
  An orc warlord (D:10)
  A stone giant (D:10)
  A red draconian (Volcano)
  An ettin (D:10)
  A fire dragon (Lair:5)
  A great orb of eyes (D:10)
  5 hydras
  The ghost of gRUR the Eclecticist, a journeyman SpCj of Vehumet (Lair:4)
  3 ogre magi (Orc:2)
  Fannar (D:10)
  2 tengu warriors (D:8)
  18 two-headed ogres
  3 death yaks (Lair:2)
  A salamander mystic (Volcano)
  A necromancer (D:10)
  3 slime creatures (D:11)
  4 salamanders (Volcano)
  An oklob plant (Lair:5)
  An ice statue (IceCv)
  A cane toad (Lair:5)
  A kobold demonologist (D:8)
  An efreet (D:8)
  A rime drake (Lair:5)
  A tengu conjurer (D:8)
  A hellwing (Lair:6)
  2 trolls
  A blink frog (Lair:4)
  A wyvern (Lair:1)
  A basilisk (Lair:1)
  3 yaks (D:10)
  A vampire mosquito (D:8)
  A steam dragon (D:8)
  10 orc warriors
  A water moccasin (D:8)
  14 ogres
  A centaur (D:8)
  2 bullfrogs
  A gnoll sergeant (D:8)
  8 wights
  4 orc priests
  An orc wizard (Orc:2)
  6 gnolls
  8 orcs
123 creatures vanquished.

Vanquished Creatures (others)
  7 dancing weapons
  A steam dragon (Lair:5)
  A centaur zombie (D:8)
  25 fungi
  71 plants
105 creatures vanquished.

Grand Total: 792 creatures vanquished

Notes
Turn   | Place    | Note
-------+----------+-------------------------------------------
     0 | D:1      | Banquo the Djinni Enchanter began the quest for the Orb.
     0 | D:1      | Reached XP level 1. HP: 15/15 MP: 0/0
   153 | D:1      | Reached skill level 1 in Short Blades
   199 | D:1      | Reached XP level 2. HP: 21/21 MP: 0/0
   463 | D:1      | Found Todgh's Jewellery Boutique.
   879 | D:1      | Reached XP level 3. HP: 26/26 MP: 0/0
   879 | D:1      | Learned a level 1 spell: Freeze
  1203 | D:2      | Noticed Natasha
  1203 | D:2      | Noticed Jessica
  1222 | D:2      | Killed Jessica
  1223 | D:2      | Reached skill level 1 in Fighting
  1225 | D:2      | Killed Natasha
  1226 | D:2      | Reached XP level 4. HP: 32/32 MP: 0/0
  1737 | D:2      | Noticed Natasha
  1751 | D:2      | Killed Natasha
  1752 | D:2      | Reached XP level 5. HP: 30/37 MP: 0/0
  1752 | D:2      | Learned a level 2 spell: Slow
  2043 | D:2      | Noticed Natasha
  2059 | D:2      | Killed Natasha
  2113 | D:2      | Found a faded altar of an unknown god.
  2689 | D:3      | Reached XP level 6. HP: 43/43 MP: 0/0
  3598 | D:4      | Reached XP level 7. HP: 47/49 MP: 0/0
  3598 | D:4      | Learned a level 3 spell: Inner Flame
  3890 | D:4      | Identified the +3 leather armour of Xom's Fury {MP+9 Int+7}
  4008 | D:4      | Noticed a yak
  4008 | D:4      | Noticed a yak
  4008 | D:4      | Noticed a yak
  4009 | D:4      | Noticed a yak
  4011 | D:4      | Noticed a yak
  4052 | D:3      | Killed a yak
  4144 | D:4      | Noticed Edmund
  4158 | D:4      | Killed Edmund
  4159 | D:4      | Reached skill level 1 in Armour
  4204 | D:4      | Killed a yak
  4205 | D:4      | Reached skill level 5 in Spellcasting
  4205 | D:4      | Reached XP level 8. HP: 42/55 MP: 0/0
  4284 | D:4      | Killed a yak
  4286 | D:4      | Killed a yak
  4294 | D:4      | Killed a yak
  4399 | D:4      | Noticed Ijyb
  4672 | D:5      | Entered Level 5 of the Dungeon
  4903 | D:5      | Noticed Pikel
  5165 | D:5      | Reached XP level 9. HP: 50/61 MP: 0/0
  5165 | D:5      | Learned a level 4 spell: Iskenderun's Mystic Blast
  5341 | D:5      | Identified the +3 ring mail of Hedge Wizardry {Dex+6 SInv}
  6346 | D:5      | Killed Pikel
  6535 | D:6      | Found a staircase to the Ecumenical Temple.
  6553 | Temple   | Entered the Ecumenical Temple
  6625 | Temple   | Became a worshipper of Ashenzari the Shackled
  6625 | Temple   | Identified a scroll of acquirement
  6777 | D:1      | Bought a ring of protection from cold for 250 gold pieces
  6779 | D:1      | Acquired the ring "Tupe" {rN+ AC+4 Int+3}
  7207 | D:4      | Killed Ijyb
  8031 | D:7      | Reached XP level 10. HP: 68/68 MP: 0/0
  8239 | D:7      | Noticed a green ugly thing
  8297 | D:5      | Killed a green ugly thing
  8298 | D:5      | Reached skill level 5 in Stealth
  8994 | D:7      | Found Gampea's Mass Market.
  9104 | D:7      | Reached skill level 5 in Dodging
  9378 | D:8      | Noticed a two-headed ogre
  9391 | D:8      | Killed a two-headed ogre
  9392 | D:8      | Reached skill level 5 in Short Blades
  9446 | D:8      | Noticed a two-headed ogre
  9467 | D:8      | Killed a two-headed ogre
  9468 | D:8      | Reached skill level 5 in Fighting
  9549 | D:8      | Reached * piety under Ashenzari
  9586 | D:8      | Noticed a two-headed ogre
  9592 | D:8      | Killed a two-headed ogre
  9593 | D:8      | Reached XP level 11. HP: 49/76 MP: 0/0
  9593 | D:8      | Learned a level 5 spell: Summon Mana Viper
  9704 | D:8      | Noticed a tengu warrior
  9729 | D:8      | Killed a tengu warrior
  9770 | D:8      | Noticed a two-headed ogre
  9784 | D:8      | Killed a two-headed ogre
  9805 | D:8      | Noticed a tengu warrior
  9894 | D:8      | Noticed a centaur warrior
  9900 | D:8      | Killed a centaur warrior
  9901 | D:8      | Reached skill level 1 in Shields
  9943 | D:8      | Noticed an eight-headed hydra
  9990 | D:8      | Killed an eight-headed hydra
 10142 | D:8      | Noticed a cyclops
 10205 | D:8      | Noticed a four-headed hydra
 10205 | D:8      | Noticed a manticore
 10218 | D:8      | Killed a manticore
 10244 | D:8      | Killed a four-headed hydra
 10291 | D:8      | Killed a cyclops
 10553 | D:8      | Killed a tengu warrior
 10854 | D:9      | Noticed a two-headed ogre
 10860 | D:9      | Killed a two-headed ogre
 10947 | D:9      | Found a hazy altar of Hepliaklqana.
 11239 | D:9      | Reached XP level 12. HP: 73/85 MP: 0/0
 11241 | D:9      | Reached skill level 10 in Spellcasting
 11309 | D:9      | Found a staircase to the Orcish Mines.
 11736 | D:10     | Entered Level 10 of the Dungeon
 11759 | D:10     | Noticed a two-headed ogre
 11767 | D:10     | Killed a two-headed ogre
 11952 | D:10     | Found a staircase to the Lair.
 12163 | D:10     | Found a runed translucent door.
 12163 | D:10     | Noticed an orc warlord
 12163 | D:10     | Identified the +6 short sword of the New World {venom, rF-
                  | rCorr SInv}
 12163 | D:10     | Identified the +7 scale mail of the Flute {-Tele rN++ Will+
                  | Stlth+}
 12163 | D:10     | Identified the ring of Keedoy {rC- rN+ Str+2 Int+6 Dex+2}
 12166 | D:10     | Noticed a deep troll
 12166 | D:10     | Noticed a stone giant
 12166 | D:10     | Noticed a great orb of eyes
 12166 | D:10     | Noticed an ettin
 12212 | D:10     | Noticed Fannar
 12226 | D:10     | Killed Fannar
 12435 | D:10     | Reached ** piety under Ashenzari
 12647 | Lair:1   | Entered Level 1 of the Lair of Beasts
 12647 | Lair:1   | Noticed a seven-headed hydra
 12656 | Lair:1   | Killed a seven-headed hydra
 13007 | Lair:1   | Reached *** piety under Ashenzari
 13131 | Lair:1   | Noticed a five-headed hydra
 13138 | Lair:1   | Killed a five-headed hydra
 13215 | Lair:1   | Noticed a six-headed hydra
 13230 | Lair:1   | Killed a six-headed hydra
 13351 | Lair:1   | Reached XP level 13. HP: 99/99 MP: 0/0
 13351 | Lair:1   | Learned a level 5 spell: Agony
 13662 | Lair:2   | Found a staircase to the Swamp.
 14108 | Lair:2   | Reached skill level 5 in Shields
 14774 | Lair:3   | Found a dark tunnel.
 14797 | Volcano  | Entered a volcano
 15005 | Volcano  | Noticed a red draconian
 15012 | Volcano  | Killed a red draconian
 15073 | Volcano  | Found a bloodstained altar of Trog.
 15099 | Volcano  | Found a burning altar of Makhleb.
 15851 | Lair:3   | Found a hole to the Spider Nest.
 15856 | Lair:3   | Reached XP level 14. HP: 110/110 MP: 0/0
 16423 | Lair:4   | Found a runed translucent gate.
 16845 | Lair:4   | Found a runed translucent gate.
 16845 | Lair:4   | Found the amulet of the Air {Inacc Air Fly rElec RMsl}
 16845 | Lair:4   | Noticed gRUR's ghost (journeyman SpCj)
 16846 | Lair:4   | Found a runed translucent gate.
 16918 | Lair:4   | Reached **** piety under Ashenzari
 17476 | Lair:4   | Killed gRUR's ghost
 17610 | Lair:5   | Reached skill level 10 in Fighting
 17914 | Lair:5   | Reached ***** piety under Ashenzari
 18665 | Lair:5   | Identified the +7 scimitar "Xaetwiutt" {freeze, rPois
                  | Will+}
 18666 | Lair:5   | Identified the Handbook of the Nexus
 19444 | Lair:6   | Entered Level 6 of the Lair of Beasts
 19497 | Lair:6   | Reached XP level 15. HP: 71/130 MP: 0/0
 19497 | Lair:6   | Learned a level 6 spell: Dispersal
 19508 | Lair:6   | Noticed Snorg
 19522 | Lair:6   | Killed Snorg
 19570 | Lair:6   | Found a frozen archway.
 19575 | Lair:6   | Reached skill level 10 in Shields
 19640 | IceCv    | Entered an ice cave
 20062 | IceCv    | Noticed a frost giant
 20077 | IceCv    | Killed a frost giant
 20224 | IceCv    | Reached skill level 10 in Stealth
 20420 | Lair:6   | Found a viscous altar of Jiyva.
 20421 | Lair:6   | Found a staircase to the Slime Pits.
 21089 | Lair:6   | Found a burning altar of Makhleb.
 21196 | Lair:6   | Reached XP level 16. HP: 139/139 MP: 0/0
 21600 | Lair:6   | Found a gateway to Hell.
 21904 | Lair:6   | Found a burning altar of Makhleb.
 21912 | Lair:6   | Found a gateway to Hell.
 22231 | Lair:6   | Found a viscous altar of Jiyva.
 22232 | Lair:6   | Found a staircase to the Slime Pits.
 23072 | D:11     | Found a gate leading to a gauntlet.
 23134 | Gauntlet | Entered a Gauntlet
 23134 | Gauntlet | Found a transporter.
 23141 | Gauntlet | Found a transporter.
 23143 | Gauntlet | Found a transporter.
 23145 | Gauntlet | Found a transporter.
 23146 | Gauntlet | Found a transporter.
 23180 | Gauntlet | Found a transporter.
 23183 | Gauntlet | Found a transporter.
 23183 | Gauntlet | Found a transporter.
 23199 | Gauntlet | Found a transporter.
 23207 | Gauntlet | Found the +3 hat of Pondering {ponderous, Will+ MP+10
                  | Int+5}
 23215 | Gauntlet | Found a transporter.
 23226 | Gauntlet | Identified the +3 falchion of Ojapamic {vorpal, +Blink
                  | rElec rF+++ Str-3}
 23243 | Gauntlet | Found a transporter.
 23247 | Gauntlet | Found a transporter.
 23259 | Gauntlet | Identified the ring "Kikus" {Drain MP+9 SInv Stlth+}
 23293 | Gauntlet | Found a transporter.
 23309 | Gauntlet | Found a transporter.
 23513 | Gauntlet | Identified Sif Muna's Compendium of Enchanting
                  | Transformation
 24071 | D:12     | Noticed Nergalle
 24075 | D:12     | Killed Nergalle
 24456 | D:12     | Noticed Rupert
 24460 | D:12     | Killed Rupert
 24645 | D:12     | Acquired 913 gold pieces
 24788 | Orc:1    | Entered Level 1 of the Orcish Mines
 24802 | Orc:1    | Found Tudelatz's Distillery.
 24810 | Orc:1    | Bought a potion of ambrosia for 88 gold pieces
 24810 | Orc:1    | Bought a potion of brilliance for 44 gold pieces
 24810 | Orc:1    | Bought a potion of haste for 110 gold pieces
 24810 | Orc:1    | Bought a potion of heal wounds for 55 gold pieces
 24810 | Orc:1    | Bought a potion of curing for 33 gold pieces
 24810 | Orc:1    | Bought a potion of heal wounds for 55 gold pieces
 25096 | Orc:2    | Entered Level 2 of the Orcish Mines
 25146 | Orc:2    | Found Obetakk's Jewellery Shoppe.
 25191 | Orc:2    | Found a staircase to the Elven Halls.
 25334 | Orc:2    | Found a runed translucent door.
 25614 | Orc:2    | Found Oplar's Assorted Antiques.
 25614 | Orc:2    | Found Xugu Izi's General Store.
 25615 | Orc:2    | Found Hatzioqy's Antique Armour Shoppe.
 25615 | Orc:2    | Found Ahiukizi's Antique Weapon Boutique.
 25726 | Orc:2    | Paralysed by an ogre mage for 5 turns
 25729 | Orc:2    | Slain by a two-headed ogre

Illustrated notes

Levels and vault maps discovered:
D:1:      shiori_shiawase, layout_loops_ring, serial_shops, shop
D:2:      layout_basic, shapermc_ecumenical_altar_mp_vishouse, uniq_natasha,
          uniq_jessica
D:3:      layout_basic
D:4:      layout_basic, serial_park_tiny_1, uniq_edmund, uniq_ijyb
D:5:      layout_layer_cave, uniq_pikel
D:6:      layout_basic, minmay_temple_entry_large_hall
D:7:      layout_loops_corners, serial_bayou, serial_bayou_lagoon_a,
          serial_bayou_crossing, serial_bayou_pond_a, serial_bayou_pond_b,
          st_stairs_10, minmay_hedge_maze, minmay_shop_mass, minivault_23,
          chequers_garden, kennysheep_pointless_box
D:8:      minmay_the_grid_plus_closed [minmay_the_grid_minigrid_small_alt,
          minmay_the_grid_small_cups, minmay_the_grid_tiny_cups,
          minmay_the_grid_spikes, minmay_the_grid_prize_four_corners],
          layout_rooms, hangedman_decor_lopped
D:9:      layout_stronghold, mainiacjoe_overflow_cross_hatched, david_orc_4
D:10:     minmay_gate_of_8, layout_cross, lair_entry_dummy, serial_column_ruins,
          column_ruins_hut, column_ruins_corridor_corner,
          column_ruins_open_medium_water, column_ruins_open_medium, uniq_fannar
D:11:     layout_cave_pools, gauntlet_entry_generic,
          chequers_serial_rivers_small_b
D:12:     layout_roguey, uniq_nergalle, uniq_rupert
Temple:   dpeg_three_leaves_temple
Lair:1:   beast_lair_carwin_large_2, layout_hall_layers,
          infiniplex_staircase_pool
Lair:2:   layout_long_grid, swamp_mist, chequers_serial_rivers_micro_b,
          minmay_stone_trees_medium, chequers_serial_rivers_micro_c,
          serial_bayou_pond_e
Lair:3:   layout_gridlike, spider_nest_entry_rubble,
          nicolae_volcano_entry_lava_flow, beast_lair_carwin_1
Lair:4:   layout_cave_pods, special_room [special_room_bee],
          gammafunk_ghost_split
Lair:5:   layout_gridlike, bobbens_dragon_lair_wall
Lair:6:   evil_forest, layout_long_grid, slime_altar_1,
          portal_ice_cave_entry_imps, uniq_snorg
Orc:1:    layout_caves, serial_shops, shop
Orc:2:    st_orc_ogre_mass, layout_caves, serial_shops, shop,
          lightli_church_of_beogh

Skill      XL: |  1  2  3  4  5  6  7  8  9 10 11 12 13 14 15 16 |
---------------+-------------------------------------------------+-----
Short Blades   | 1 2 3 4 5 6 7 8 |  8.9
Fighting       | 1 2 3 4 5 6 7 8 12 13 | 13.3
Spellcasting   | 3 4 5 7 8 9 11 12 13 | 13.3
Stealth        | 3 4 5 6 8 11 | 11.3
Armour         | 1 2 3 4 |  4.4
Dodging        | 3 4 5 6 |  6.1
Shields        | 2 4 5 9 10 11 | 11.3

Action                   |  1- 3 |  4- 6 |  7- 9 | 10-12 | 13-15 | 16-18 || total
-------------------------+-------+-------+-------+-------+-------+-------++-------
Melee: Dagger            |    59 |   122 |   162 |   189 |   213 |   117 ||   862
 Cast: Ensorcelled Hiber |    17 |    55 |    54 |    50 |   132 |    17 ||   325
       Corona            |     1 |       |       |       |     6 |     3 ||    10
       Confusing Touch   |     1 |     8 |    20 |    13 |    17 |     9 ||    68
       Tukima's Dance    |     1 |     1 |     9 |    37 |    10 |    56 ||   114
       Dazzling Flash    |       |       |     3 |     7 |    37 |     3 ||    50
       Slow              |       |       |     1 |     2 |     3 |     3 ||     9
       Iskenderun's Myst |       |       |    25 |    95 |   242 |    66 ||   428
       Summon Mana Viper |       |       |       |    36 |    34 |    16 ||    86
       Agony             |       |       |       |       |     3 |     1 ||     4
Invok: Curse Item        |       |       |       |     4 |     4 |       ||     8
       Shatter the Chain |       |       |       |       |     1 |       ||     1
  Use: Potion            |       |     4 |       |       |       |       ||     4
       Scroll            |       |       |     8 |       |       |     1 ||     9
 Stab: Sleeping          |    17 |    33 |    39 |    33 |    89 |    19 ||   230
       Confused          |     1 |     7 |    18 |     8 |    12 |     8 ||    54
       Invisible         |       |       |       |       |     4 |     1 ||     5
       Distracted        |       |       |       |       |     2 |       ||     2
Armor: Robe              |     8 |    13 |       |     5 |    48 |    10 ||    84
       Leather armour    |       |       |    33 |    47 |       |       ||    80
Dodge: Dodged            |    30 |    55 |    81 |    79 |    95 |    34 ||   374
Block: Kite shield       |       |       |       |    12 |    95 |    46 ||   153
       Buckler           |       |       |       |     4 |       |       ||     4
